 Dungeon Crawl Stone Soup version 0.18-a0-1405-g73f4075 (webtiles) character file.

198 Kidiri the Magician (level 5, -1/28 HPs)
             Began as a Deep Elf Fire Elementalist on Feb 24, 2016.
             Slain by a worker ant (5 damage)
             ... on level 4 of the Dungeon.
             The game lasted 00:08:20 (3917 turns).

Kidiri the Magician (Deep Elf Fire Elementalist)    Turns: 3917, Time: 00:08:20

Health: -1/28      AC:  4    Str:  5    XL:     5   Next: 47%
Magic:  9/14       EV: 14    Int: 21    God:
Gold:   266        SH:  0    Dex: 15    Spells: 4 memorised, 4 levels left

rFire  . . .     SeeInvis .     u - +3 short sword
rCold  . . .     Gourm    .     a - +2 robe
rNeg   . . .     Faith    .     (no shield)
rPois  +         Spirit   .     (no helmet)
rElec  .         Dismiss  .     (no cloak)
rCorr  .         Reflect  .     (no gloves)
SustAt .         Harm     .     (no boots)
MR     .....                    (no amulet)
Stlth  ++........               (no ring)
                                h - ring of poison resistance

@: not resistant to hostile enchantments, unstealthy
A: no striking features
a: no special abilities


You were on level 4 of the Dungeon.
You were not hungry.

You visited 1 branch of the dungeon, and saw 4 of its levels.

You collected 266 gold pieces.

Inventory:

Hand Weapons
 u - a +3 short sword (weapon)
Armour
 a - a +2 robe (worn)
Jewellery
 h - a ring of poison resistance (left hand)
Scrolls
 e - a scroll of blinking {unknown}
 l - a scroll of magic mapping
 o - 2 scrolls of amnesia
 q - a scroll of remove curse {unknown}
 r - a scroll of random uselessness {unknown}
Potions
 d - 2 potions of heal wounds
 f - 3 potions of flight {unknown}
 j - 2 potions of cure mutation {unknown}
 k - 3 potions of degeneration {unknown}
 m - a potion of curing
 n - 2 potions of haste {unknown}
Books
 b - a book of Flames

   Spells                             Type                      Level
   a - Flame Tongue                   Conjuration/Fire             1
   b - Throw Flame                    Conjuration/Fire             2
   c - Conjure Flame                  Conjuration/Fire             3
   d - Inner Flame                    Hexes/Fire                   3
   e - Sticky Flame                   Conjuration/Fire             4
   f - Fireball                       Conjuration/Fire             5
Comestibles
 c - a chunk of flesh
 i - 2 bread rations
 s - 3 fruits
 t - 2 beef jerkies


   Skills:
 + Level 3.7 Dodging
 + Level 3.4 Stealth
 * Level 4.6 Spellcasting
 + Level 2.5 Conjurations
 + Level 1.6 Hexes
 + Level 4.0 Fire Magic


You had 4 spell levels left.
You knew the following spells:

 Your Spells              Type           Power        Failure   Level  Hunger
a - Flame Tongue          Conj/Fire      ###..        3%          1    None
b - Throw Flame           Conj/Fire      ###...       6%          2    #......
c - Conjure Flame         Conj/Fire      ###.....     12%         3    ##.....
d - Inner Flame           Hex/Fire       ###.....     12%         3    ##.....


Dungeon Overview and Level Annotations

Branches:
Dungeon (4/15)
 Temple: D:4-7

Altars:
Elyvilon
Fedhas
Makhleb
Trog
Zin
The Shining One


Message History

Confirm with . or Enter, or press ? or * to list all spells.
Aiming: Flame Tongue
Press: ? - help, Shift-Dir - straight line, f/p - orc
Aim: an orc, wielding a club (heavily wounded)
The flame tongue hits the orc.
You kill the orc!
The orc priest shouts!
The worker ant twitches its antennae in your direction.
An orc comes into view.
An orc comes into view. It is wielding a trident.
The orc shouts!
The orc priest invokes the aid of Beogh against you.
Beogh smites you!
The orc shouts!
The orc priest invokes the aid of Beogh against you.
Beogh smites you!
Ouch! That really hurt!
* * * LOW HITPOINT WARNING * * *
The worker ant bites you.
You die...

...<. #..w)
##.⌠o# #...o.###
.# ...>..o.###
..# ..........#
..###
..###...⌠.+.....#
###.###a..#.....#
#....###@##......
.................
........#........
........#.......#
#.............##
#............##
#######..###.#
##.# ... #.## #..


You could see a worm, a worker ant, an orc priest and 2 orcs.

Vanquished Creatures
  A giant frog skeleton (D:4)
  Jessica (D:3)
  5 adders
  3 oozes (D:2)
  2 worms
  2 dart slugs (D:3)
  2 orcs (D:4)
  6 bats
  3 giant cockroaches
  5 goblins
  9 hobgoblins
  13 jackals
  2 quokkas
  4 giant newts
  4 kobolds
  9 rats
71 creatures vanquished.

Notes
Turn   | Place    | Note
--------------------------------------------------------------
     0 | D:1      | Kidiri the Deep Elf Fire Elementalist began the quest for the Orb.
     0 | D:1      | Reached XP level 1. HP: 10/10 MP: 6/6
   194 | D:1      | Reached XP level 2. HP: 15/15 MP: 2/8
   277 | D:1      | Learned a level 2 spell: Throw Flame
   935 | D:1      | Reached XP level 3. HP: 17/19 MP: 1/10
   940 | D:1      | Learned a level 3 spell: Conjure Flame
   944 | D:1      | Learned a level 3 spell: Inner Flame
  1653 | D:2      | Reached XP level 4. HP: 18/24 MP: 2/11
  2281 | D:2      | Found a glowing silver altar of Zin.
  2282 | D:2      | Found a white marble altar of Elyvilon.
  2282 | D:2      | Found a glowing golden altar of the Shining One.
  2524 | D:3      | Noticed Jessica
  2525 | D:3      | Killed Jessica
  2525 | D:3      | Reached skill level 1 in Hexes
  2564 | D:3      | Found a blossoming altar of Fedhas.
  2564 | D:3      | Found a burning altar of Makhleb.
  2805 | D:3      | Reached XP level 5. HP: 28/28 MP: 8/13
  2968 | D:3      | Noticed a moth of wrath
  2971 | D:3      | Found a bloodstained altar of Trog.
  3917 | D:4      | Slain by a worker ant

Vault maps used:
D:1:      minmay_arrival_stair_chambers
D:2:      good_gods_temple_1, first_bread
D:3:      amethyst_overflow_temple_binary, nicolae_overflow_hidden_temple,
          tgw_trog, uniq_jessica
D:4:      lemuel_round_altar, grunt_ministairs_13, lemuel_another_geyser,
          uniq_edmund, uniq_grinder, uniq_menkaure

Skill      XL: |  1  2  3  4 |
---------------+-------------+-----
Dodging        | 3 |  3.7
Conjurations   | 2 |  2.5
Stealth        | 3 |  3.4
Spellcasting   | 4 |  4.6
Hexes          | 1 |  1.6
Fire Magic     | 4 |  4.0

Action                   |  1- 3 |  4- 6 || total
-------------------------+-------+-------++-------
Melee: Unarmed           |     2 |       ||     2
       Dagger            |     1 |     5 ||     6
       Short sword       |       |     5 ||     5
 Cast: Flame Tongue      |    43 |    45 ||    88
       Throw Flame       |    19 |    22 ||    41
       Conjure Flame     |       |     1 ||     1
  Use: Scroll            |     6 |     4 ||    10
 Stab: Sleeping          |       |     1 ||     1
  Eat: Bread ration      |     1 |       ||     1
       Chunk             |       |     5 ||     5
